 Dungeon Crawl Stone Soup version 0.25-a0-346-g140ab784a8 (webtiles) character file.

Game seed: 15575490304467040292, levelgen mode: deterministic

5 BritishOli the Sneak (level 1, 0/16 HPs)
             Began as a Demonspawn Wanderer on Jan 1, 2020.
             Slain by a ball python (2 damage)
             ... on level 1 of the Dungeon.
             The game lasted 00:00:42 (109 turns).

BritishOli the Sneak (Demonspawn Wanderer)           Turns: 109, Time: 00:00:42

Health: 0/16       AC:  3    Str: 13    XL:     1   Next: 66%
Magic:  1/1        EV:  8    Int: 13    God:
Gold:   4          SH:  0    Dex: 11    Spells: 0/0 levels left

rFire    . . .     SeeInvis .   a - +0 spear
rCold    . . .     Gourm    .   (no shield)
rNeg     . . .     Faith    .   c - +0 leather armour
rPois    .         Spirit   .   (no helmet)
rElec    .         Reflect  .   (no cloak)
rCorr    .         Harm     .   (no gloves)
MR       .....                  (no boots)
Stlth    ++........             (no amulet)
HPRegen  0.05/turn              (no ring)
MPRegen  0.07/turn              (no ring)

@: constricted
A: no striking features
a: no special abilities


You were on level 1 of the Dungeon.
You were not hungry.

You visited 1 branch of the dungeon, and saw 1 of its levels.

You collected 4 gold pieces.

Inventory:

Hand Weapons
 a - a +0 spear (weapon)
 e - a +0 dagger
Missiles
 b - 4 throwing nets (quivered)
Armour
 c - a +0 leather armour (worn)
Scrolls
 g - a scroll of remove curse {unknown}
Potions
 d - a potion of curing
Comestibles
 f - a ration


   Skills:
 - Level 2.0 Fighting
 - Level 1.0 Polearms
 - Level 1.7 Dodging
 * Level 4.0 Stealth
 - Level 1.0 Unarmed Combat


You couldn't memorise any spells.
You didn't know any spells.
Your spell library was empty.

Dungeon Overview and Level Annotations

Branches:
Dungeon (1/15)

Altars:


Message History

The ball python grabs you. The ball python constricts you.
The hobgoblin hits you but does no damage.
The ball python closely misses you. The ball python constricts you.
You hit the hobgoblin but do no damage.
The hobgoblin is heavily wounded.
The hobgoblin barely misses you. The ball python closely misses you.
The ball python constricts you.
You hit the hobgoblin.
The hobgoblin is almost dead.
The ball python closely misses you. The ball python constricts you.
The hobgoblin hits you but does no damage.
You completely miss the hobgoblin.
The hobgoblin is almost dead.
The ball python bites you. The ball python constricts you.
The hobgoblin hits you.
* * * LOW HITPOINT WARNING * * *
You closely miss the hobgoblin.
The hobgoblin is almost dead.
The ball python bites you.
You die...

#.....## +....... #####+
#.....# ...... ##.....###
......##........#
.......#....[...#
.....>S.........#
......g@........#
........#.....###
........#.....#
........#######.#
.........+ #.# ........#
#.# . ........# #.#
#.......
...?....#######.###.......
#≈≈≈###.#..##..##.......


You could see a hobgoblin and a ball python.

Vanquished Creatures
  A giant cockroach (D:1)
  A hobgoblin (D:1)
  2 bats (D:1)
  2 rats (D:1)
6 creatures vanquished.

Notes
Turn   | Place    | Note
-------+----------+-------------------------------------------
     0 | D:1      | BritishOli the Demonspawn Wanderer began the quest for the
                  | Orb.
     0 | D:1      | BritishOli set off with the following items: a +0 spear, 4
                  | throwing nets, a +0 leather armour, a potion of curing, a
                  | +0 dagger, a ration
     0 | D:1      | Reached XP level 1. HP: 16/16 MP: 1/1
    98 | D:1      | Reached skill level 4 in Stealth
   109 | D:1      | Slain by a ball python

Levels and vault maps discovered:
D:1:      dpeg_arrival_chase, layout_basic, serial_rivers,
          chequers_serial_rivers_small_b, chequers_serial_rivers_small_b,
          chequers_serial_rivers_micro_a, chequers_serial_rivers_small_b

Skill      XL: |  1 |
---------------+----+-----
Stealth        | 4 |  4.0
Fighting       | |  2.0
Polearms       | |  1.0
Dodging        | |  1.7
Unarmed Combat | |  1.0

Action                   || total
-------------------------++-------
Melee: Spear             ||    30
Armor: Leather armour    ||    14
Dodge: Dodged            ||    14

Table legend:
 A = Non-vault XP
 B = Vault XP
 C = Vault XP percentage of total XP
 D = Non-vault monster count
 E = Vault monster count
 F = Vault count percentage of total count
                 A         B        C        D         E       F
            +---------+---------+-------+---------+---------+-------
      Total |       8 |       0 |   0.0 |       6 |       0 |   0.0
            +---------+---------+-------+---------+---------+-------
        D:1 |       8 |       0 |   0.0 |       6 |       0 |   0.0
            +---------+---------+-------+---------+---------+-------
